[Event "EYTCC Open U18 2022"]
[Site "Thessaloniki"]
[Date "2022.07.15"]
[Round "4.33"]
[White "Risteski, Emil"]
[Black "Magalakis, Stefanos"]
[Result "0-1"]
[ECO "C55"]
[WhiteElo "2405"]
[BlackElo "2181"]
[Annotator "ChessBase"]
[PlyCount "70"]
[EventDate "2022.07.12"]
[EventType "team-tourn"]
[EventCountry "GRE"]
[SourceTitle "playchess.com"]
[Source "ChessBase"]
[SourceQuality "1"]
[WhiteTeam "Macedonia"]
[BlackTeam "Greece"]
[WhiteTeamCountry "MKD"]
[BlackTeamCountry "GRE"]
[TimeControl "40/5400+30:1800+30"]

1. e4 e5 2. Nf3 Nc6 3. Bc4 Nf6 4. d3 h6 5. O-O d6 6. a4 g6 7. a5 a6 8. Nc3 Bg7 9. h3 O-O 10. Be3 Be6 11. Bxe6 fxe6 12. Ne2 Nh5 13. c3 Kh7 14. Kh2 d5 15. b4 d4 16. Bd2 dxc3 17. Bxc3 Qd6 18. Ng3 Nxg3 19. fxg3 Rad8 20. Qb3 Qxd3 21. Rad1 Qxe4 22. Rfe1 Qf5 23. Nh4 Qf7 24. b5 Rxd1 25. Rxd1 Nd4 26. Bxd4 exd4 27. bxa6 bxa6 28. Qc4 e5 29. Qxa6 e4 30. Qc6 Qe8 31. Qxc7 Qe5 32. Qb6 Qxg3+ 33. Kxg3 Be5+ 34. Kg4 h5+ 35. Kg5 Bf4# 0-1

[Event "EYTCC Open U18 2022"]
[Site "Thessaloniki"]
[Date "2022.07.15"]
[Round "4.34"]
[White "Georgiadis, Athanasios Kat"]
[Black "Veljanoski, Andrej"]
[Result "0-1"]
[ECO "C68"]
[WhiteElo "1689"]
[BlackElo "2162"]
[Annotator "ChessBase"]
[PlyCount "112"]
[EventDate "2022.07.12"]
[EventType "team-tourn"]
[EventCountry "GRE"]
[SourceTitle "playchess.com"]
[Source "ChessBase"]
[SourceQuality "1"]
[WhiteTeam "Greece"]
[BlackTeam "Macedonia"]
[WhiteTeamCountry "GRE"]
[BlackTeamCountry "MKD"]
[TimeControl "40/5400+30:1800+30"]

1. e4 e5 2. Nf3 Nc6 3. Bb5 a6 4. Bxc6 dxc6 5. O-O Bd6 6. d4 exd4 7. Qxd4 f6 8. Nbd2 Be6 9. Qc3 Qd7 10. Nd4 O-O-O 11. Nxe6 Qxe6 12. Qc4 Qg4 13. h3 Qh5 14. Re1 Ne7 15. Qe6+ Kb8 16. Nc4 Rhe8 17. Nxd6 Rxd6 18. Qg4 Qf7 19. Bf4 Re6 20. Re3 Ng6 21. Rae1 Qe7 22. Bg3 Qb4 23. b3 Qa3 24. Qh5 Nf8 25. e5 g6 26. Qe2 f5 27. f4 Qxa2 28. Qd2 Qa3 29. Rd3 Qe7 30. Rd1 b6 31. Bf2 Kb7 32. b4 g5 33. g3 gxf4 34. gxf4 Rg6+ 35. Kh1 Qe6 36. Qe3 Qc4 37. c3 Ne6 38. Bg3 Reg8 39. Bh2 Rg2 40. Rd7 Qa2 41. R7d2 Rxd2 42. Qxd2 Qc4 43. Qd3 Qxd3 44. Rxd3 Rd8 45. Rxd8 Nxd8 46. Kg2 c5 47. bxc5 b5 48. Kf3 Kc6 49. Bg1 Kd5 50. Ke2 Ne6 51. Be3 Kc4 52. Kd2 Kb3 53. Kd3 a5 54. Kd2 Kb2 55. Bd4 Kb1 56. c4 b4 0-1

[Event "EYTCC Open U18 2022"]
[Site "Thessaloniki"]
[Date "2022.07.15"]
[Round "4.35"]
[White "Zlatkov, Anton"]
[Black "Gerasopoulos, Nikolaos"]
[Result "1-0"]
[ECO "C10"]
[WhiteElo "2149"]
[BlackElo "1526"]
[Annotator "ChessBase"]
[PlyCount "47"]
[EventDate "2022.07.12"]
[EventType "team-tourn"]
[EventCountry "GRE"]
[SourceTitle "playchess.com"]
[Source "ChessBase"]
[SourceQuality "1"]
[WhiteTeam "Macedonia"]
[BlackTeam "Greece"]
[WhiteTeamCountry "MKD"]
[BlackTeamCountry "GRE"]
[TimeControl "40/5400+30:1800+30"]

1. e4 e6 2. d4 d5 3. Nd2 dxe4 4. Nxe4 Nd7 5. Nf3 Ngf6 6. Nxf6+ Nxf6 7. Bd3 Be7 8. c3 O-O 9. Qe2 b6 10. Bf4 Bb7 11. O-O-O Qc8 12. h4 c5 13. Be5 Qc6 14. Bc2 Ne4 15. Ng5 f5 16. Qh5 Nxg5 17. hxg5 Qxg2 18. Qxh7+ Kf7 19. Qxg7+ Ke8 20. Ba4+ Bc6 21. Bxc6+ Qxc6 22. Rh7 Bd6 23. Bxd6 Qxd6 24. Qg6+ 1-0

[Event "EYTCC Open U18 2022"]
[Site "Thessaloniki"]
[Date "2022.07.15"]
[Round "4.36"]
[White "Skodras, Marios Konstantinos"]
[Black "Jovanovski, Teodor"]
[Result "1-0"]
[ECO "C01"]
[WhiteElo "1446"]
[BlackElo "1944"]
[Annotator "ChessBase"]
[PlyCount "113"]
[EventDate "2022.07.12"]
[EventType "team-tourn"]
[EventCountry "GRE"]
[SourceTitle "playchess.com"]
[Source "ChessBase"]
[SourceQuality "1"]
[WhiteTeam "Greece"]
[BlackTeam "Macedonia"]
[WhiteTeamCountry "GRE"]
[BlackTeamCountry "MKD"]
[TimeControl "40/5400+30:1800+30"]

1. e4 e6 2. d4 d5 3. exd5 exd5 4. Bd3 Nc6 5. c3 Bd6 6. Nf3 Nge7 7. O-O Bg4 8. h3 Bh5 9. Bg5 Qd7 10. Nbd2 f6 11. Bh4 O-O-O 12. Bg3 g5 13. Bxd6 Qxd6 14. Qc2 Kb8 15. Nh2 Bg6 16. Rae1 Rdg8 17. Re3 h5 18. Rfe1 Bf7 19. Bf5 Rg7 20. b4 Nxf5 21. Qxf5 Nd8 22. Qf3 Bg6 23. Qg3 Qf8 24. Qf3 Qd6 25. Qg3 Qxg3 26. fxg3 Kc8 27. g4 h4 28. Rf3 Rf8 29. Nhf1 Kd7 30. Ne3 Kd6 31. c4 c6 32. cxd5 cxd5 33. Rf5 Nc6 34. Rxd5+ Kc7 35. a3 Rd8 36. b5 Nxd4 37. Rc1+ Bc2 38. Rxd4 Rxd4 39. Rxc2+ Kb6 40. Nf5 Rgd7 41. Nxd4 Rxd4 42. Rb2 Rd3 43. a4 Ka5 44. Nb3+ Kb6 45. a5+ Kc7 46. Rc2+ Kd6 47. Nc5 Rd1+ 48. Kf2 b6 49. axb6 axb6 50. Ne4+ Ke5 51. Re2 Kf4 52. Nxf6 Rf1+ 53. Kxf1 Kg3 54. Nh5+ Kh2 55. g3+ Kh1 56. Rg2 hxg3 57. Nxg3# 1-0

[Event "EYTCC Open U18 2022"]
[Site "Thessaloniki"]
[Date "2022.07.15"]
[Round "4.37"]
[White "Pekkul, Arda"]
[Black "Betsakou, Sofia"]
[Result "1-0"]
[ECO "B12"]
[WhiteElo "1599"]
[BlackElo "1412"]
[Annotator "NA"]
[PlyCount "94"]
[EventDate "2022.07.12"]
[EventType "team-tourn"]
[EventCountry "GRE"]
[SourceTitle "playchess.com"]
[Source "ChessBase"]
[SourceQuality "1"]
[WhiteTeam "Turkey"]
[BlackTeam "Greece"]
[WhiteTeamCountry "TUR"]
[BlackTeamCountry "GRE"]
[TimeControl "40/5400+30:1800+30"]

1. e4 c6 2. d4 d5 3. e5 Bf5 4. Nc3 e6 5. g4 Bg6 6. Nge2 c5 7. h4 h5 8. Nf4 Bh7 9. Nxh5 cxd4 10. Nb5 Nc6 11. Nxd4 Nxd4 12. Qxd4 Ne7 13. Qa4+ Nc6 14. Bb5 Qc7 15. f4 Bxc2 16. Bxc6+ Qxc6 17. Qxc6+ bxc6 18. Bd2 c5 19. Rc1 Bg6 20. Ng3 Bd3 21. Be3 c4 22. a3 a5 23. Bd4 Be7 24. h5 f6 25. h6 Rxh6 26. Rxh6 gxh6 27. exf6 Bd6 28. Nh5 Kf7 29. Kf2 Bg6 30. Kf3 Bxh5 31. gxh5 Rg8 32. a4 Re8 33. Rg1 e5 34. Rg7+ Kxf6 35. Rg6+ Ke7 36. fxe5 Bb4 37. Rxh6 Bd2 38. Bc5+ Kf7 39. Rf6+ Kg8 40. Bd4 Kh7 41. Rd6 Rf8+ 42. Ke2 Bb4 43. Rxd5 Rf5 44. Rd7+ Kh6 45. e6 Rxh5 46. e7 Rh1 47. Be3+ Kg6 1-0

[Event "EYTCC Open U18 2022"]
[Site "Thessaloniki"]
[Date "2022.07.15"]
[Round "4.38"]
[White "Betsakos, Haralampos"]
[Black "Aydogdu, Selcan Ayberk"]
[Result "0-1"]
[ECO "D05"]
[WhiteElo "1183"]
[BlackElo "1902"]
[Annotator "ChessBase"]
[PlyCount "94"]
[EventDate "2022.07.12"]
[EventType "team-tourn"]
[EventCountry "GRE"]
[SourceTitle "playchess.com"]
[Source "ChessBase"]
[SourceQuality "1"]
[WhiteTeam "Greece"]
[BlackTeam "Turkey"]
[WhiteTeamCountry "GRE"]
[BlackTeamCountry "TUR"]
[TimeControl "40/5400+30:1800+30"]

1. d4 e6 2. Nf3 d5 3. e3 Nf6 4. Bd3 Be7 5. O-O O-O 6. Nbd2 c5 7. c4 b6 8. b3 Bb7 9. Qc2 Nc6 10. Bb2 Nb4 11. Qc3 Nxd3 12. Qxd3 Rc8 13. Rac1 dxc4 14. Qxc4 Nd5 15. Qe2 cxd4 16. Nxd4 Qd7 17. a3 e5 18. N4f3 f6 19. Rfd1 Qe6 20. b4 Rfd8 21. Nb1 a6 22. Nc3 b5 23. Rd2 Nb6 24. Rcd1 Bd6 25. Rc2 Nc4 26. Rdc1 Be7 27. Nd2 Nb6 28. Nce4 Rxc2 29. Rxc2 Na4 30. Nc5 Nxc5 31. bxc5 Qc6 32. f3 Bxc5 33. Nf1 Qb6 34. Rd2 Rd6 35. Kh1 Bd5 36. e4 Bc4 37. Rxd6 Qxd6 38. Qe1 Bxa3 39. Bxa3 Qxa3 40. Ne3 Qd3 41. Nxc4 bxc4 42. Qa1 h6 43. h3 c3 44. Qa2+ Kh7 45. Qe6 c2 46. Qf5+ Kg8 47. Qc8+ Kf7 0-1

[Event "EYTCC Open U18 2022"]
[Site "Thessaloniki"]
[Date "2022.07.15"]
[Round "4.39"]
[White "Turk, Talha Gunes"]
[Black "Karkanas, Stylianos"]
[Result "1-0"]
[ECO "B40"]
[WhiteElo "1597"]
[BlackElo "1089"]
[Annotator "NA"]
[PlyCount "59"]
[EventDate "2022.07.12"]
[EventType "team-tourn"]
[EventCountry "GRE"]
[SourceTitle "playchess.com"]
[Source "ChessBase"]
[SourceQuality "1"]
[WhiteTeam "Turkey"]
[BlackTeam "Greece"]
[WhiteTeamCountry "TUR"]
[BlackTeamCountry "GRE"]
[TimeControl "40/5400+30:1800+30"]

1. e4 c5 2. Nf3 e6 3. c3 Nf6 4. e5 Nd5 5. d4 cxd4 6. cxd4 d6 7. Nc3 Nb6 8. Bg5 Be7 9. Bxe7 Qxe7 10. Rc1 dxe5 11. dxe5 Nc6 12. Bd3 O-O 13. h4 h6 14. Qe2 Qb4 15. a3 Qf4 16. Rd1 Nd7 17. g3 Qg4 18. Qe3 Qh5 19. g4 Qxg4 20. h5 g5 21. hxg6 h5 22. Qh6 fxg6 23. Bxg6 Rf7 24. Rxh5 Qxh5 25. Qxh5 Rg7 26. Ne4 Ncxe5 27. Nxe5 Kf8 28. Qh8+ Rg8 29. Nxd7+ Ke7 30. Qh4# 1-0

[Event "EYTCC Open U18 2022"]
[Site "Thessaloniki"]
[Date "2022.07.16"]
[Round "5.1"]
[White "Baum, Jonasz"]
[Black "Rozen, Eytan"]
[Result "1/2-1/2"]
[ECO "A06"]
[WhiteElo "2410"]
[BlackElo "2465"]
[Annotator "ChessBase"]
[PlyCount "115"]
[EventDate "2022.07.12"]
[EventType "team-tourn"]
[EventCountry "GRE"]
[SourceTitle "playchess.com"]
[Source "ChessBase"]
[SourceQuality "1"]
[WhiteTeam "Poland"]
[BlackTeam "Israel"]
[WhiteTeamCountry "POL"]
[BlackTeamCountry "ISR"]
[TimeControl "40/5400+30:1800+30"]

1. Nf3 d5 2. g3 c6 3. Bg2 Nf6 4. O-O Bf5 5. d4 Nbd7 6. c4 e6 7. Qb3 Qb6 8. Nc3 Qa6 9. Nd2 Be7 10. e4 dxe4 11. Ndxe4 O-O 12. Re1 Rfd8 13. Be3 Nxe4 14. Nxe4 b5 15. cxb5 Qxb5 16. Qxb5 cxb5 17. Nc3 Rab8 18. Bf4 Nf6 19. Bxb8 Rxb8 20. a3 a5 21. d5 b4 22. axb4 Bxb4 23. dxe6 Bxe6 24. Re5 g6 25. Rb5 Rc8 26. Rbxa5 Bxa5 27. Rxa5 Kg7 28. Ra8 Rc7 29. Ra1 Rc8 30. Ra8 Rc4 31. Ra4 Rc8 32. Rd4 Rb8 33. b4 Rc8 34. Nd1 Rc1 35. Bf3 Nd7 36. Kg2 Ne5 37. Bd5 Bxd5+ 38. Rxd5 Kf6 39. Ne3 Ke6 40. Rb5 Rb1 41. Rb6+ Kd7 42. Rb5 Ke6 43. Rb8 Kd6 44. Rd8+ Ke6 45. Rd4 Nc6 46. Re4+ Kd6 47. Rf4 f5 48. Nc2 Kd5 49. g4 fxg4 50. Rxg4 Rb2 51. Ne3+ Ke6 52. Re4+ Kd7 53. Nd5 Kd6 54. Nf6 h5 55. Nh7 Kd5 56. Nf6+ Kd6 57. Nh7 Kd5 58. Nf6+ 1/2-1/2

[Event "EYTCC Open U18 2022"]
[Site "Thessaloniki"]
[Date "2022.07.16"]
[Round "5.2"]
[White "Ben Ari, Yannay"]
[Black "Czopor, Maciej"]
[Result "0-1"]
[ECO "A01"]
[WhiteElo "2411"]
[BlackElo "2415"]
[Annotator "ChessBase"]
[PlyCount "82"]
[EventDate "2022.07.12"]
[EventType "team-tourn"]
[EventCountry "GRE"]
[SourceTitle "playchess.com"]
[Source "ChessBase"]
[SourceQuality "1"]
[WhiteTeam "Israel"]
[BlackTeam "Poland"]
[WhiteTeamCountry "ISR"]
[BlackTeamCountry "POL"]
[TimeControl "40/5400+30:1800+30"]

1. b3 e5 2. Bb2 Nc6 3. c4 Nf6 4. e3 d5 5. cxd5 Nxd5 6. a3 Bd6 7. d3 O-O 8. Nd2 Qe7 9. Ngf3 Kh8 10. Be2 f5 11. Nc4 b5 12. Nxd6 cxd6 13. O-O Bb7 14. Re1 Qf7 15. Bf1 Rac8 16. Rc1 a6 17. g3 h6 18. Bg2 Nde7 19. Re2 Ba8 20. b4 a5 21. bxa5 Nxa5 22. Rec2 Rxc2 23. Qxc2 Nb3 24. Rd1 Rc8 25. Qe2 Qe6 26. Re1 Ng8 27. Bh3 Bxf3 28. Qxf3 Rc2 29. Ba1 Ne7 30. Qh5 Qc8 31. Qf7 Rc1 32. Rxc1 Qxc1+ 33. Kg2 Nd2 34. g4 f4 35. exf4 Qc6+ 36. Kg1 Qc1+ 37. Kg2 Qf1+ 38. Kg3 Qxd3+ 39. f3 Qxf3+ 40. Kh4 Qf2+ 41. Kh5 g6+ 0-1

[Event "EYTCC Open U18 2022"]
[Site "Thessaloniki"]
[Date "2022.07.16"]
[Round "5.3"]
[White "Klimkowski, Jan"]
[Black "Milikow, Elie"]
[Result "1-0"]
[ECO "B42"]
[WhiteElo "2398"]
[BlackElo "2433"]
[Annotator "ChessBase"]
[PlyCount "132"]
[EventDate "2022.07.12"]
[EventType "team-tourn"]
[EventCountry "GRE"]
[SourceTitle "playchess.com"]
[Source "ChessBase"]
[SourceQuality "1"]
[WhiteTeam "Poland"]
[BlackTeam "Israel"]
[WhiteTeamCountry "POL"]
[BlackTeamCountry "ISR"]
[TimeControl "40/5400+30:1800+30"]

1. e4 c5 2. Nf3 e6 3. d4 cxd4 4. Nxd4 a6 5. Bd3 Bc5 6. Nb3 Ba7 7. Qe2 Nc6 8. Be3 d6 9. O-O Nf6 10. c4 O-O 11. Nc3 e5 12. Nd5 Nxd5 13. exd5 Ne7 14. Bxa7 Rxa7 15. f4 exf4 16. Rxf4 Ng6 17. Bxg6 hxg6 18. Nd4 Ra8 19. Raf1 Bd7 20. Qf2 f5 21. Qg3 g5 22. Nxf5 Qb6+ 23. Qf2 Qxf2+ 24. R4xf2 Rxf5 25. Rxf5 Bxf5 26. Rxf5 Rc8 27. b3 b5 28. cxb5 axb5 29. Rxg5 Rc1+ 30. Kf2 Rc2+ 31. Ke3 Rxa2 32. Kd3 Kf7 33. Kc3 Kf6 34. h4 Ra7 35. Kb4 Rb7 36. g3 g6 37. Rg4 Kf5 38. Rg5+ Kf6 39. Ka5 b4 40. Rg4 Ke5 41. Rxb4 Rf7 42. Rg4 Kxd5 43. Rxg6 Ke5 44. b4 d5 45. b5 d4 46. Rg8 Rd7 47. Re8+ Kf5 48. b6 d3 49. Re1 d2 50. Rd1 Ke4 51. Ka6 Rd3 52. b7 Ra3+ 53. Kb6 Rb3+ 54. Kc7 Rc3+ 55. Kd6 Rb3 56. Rxd2 Rxb7 57. g4 Rh7 58. Ke6 Rh6+ 59. Kf7 Rxh4 60. g5 Kf5 61. g6 Ra4 62. Rf2+ Kg5 63. Rg2+ Kf5 64. g7 Ra7+ 65. Kf8 Kf6 66. Rf2+ Ke5 1-0

[Event "EYTCC Open U18 2022"]
[Site "Thessaloniki"]
[Date "2022.07.16"]
[Round "5.4"]
[White "Kochavi, Ori"]
[Black "Seemann, Jakub"]
[Result "1/2-1/2"]
[ECO "B31"]
[WhiteElo "2364"]
[BlackElo "2382"]
[Annotator "ChessBase"]
[PlyCount "81"]
[EventDate "2022.07.12"]
[EventType "team-tourn"]
[EventCountry "GRE"]
[SourceTitle "playchess.com"]
[Source "ChessBase"]
[SourceQuality "1"]
[WhiteTeam "Israel"]
[BlackTeam "Poland"]
[WhiteTeamCountry "ISR"]
[BlackTeamCountry "POL"]
[TimeControl "40/5400+30:1800+30"]

1. e4 c5 2. Nf3 Nc6 3. Bb5 g6 4. Bxc6 bxc6 5. d4 cxd4 6. Qxd4 f6 7. O-O d6 8. Qa4 Bd7 9. c4 c5 10. Qc2 Nh6 11. b3 Nf7 12. Bb2 Bg7 13. Nc3 O-O 14. Nd2 f5 15. Nd5 Bxb2 16. Qxb2 Ne5 17. f4 Nc6 18. e5 Be6 19. Nf3 dxe5 20. Rad1 e4 21. Ne5 Nxe5 22. Qxe5 Bxd5 23. Rxd5 Qb6 24. Rfd1 Rac8 25. Rd7 Qf6 26. Rxe7 Qxe5 27. Rxe5 Rfd8 28. Red5 Rxd5 29. Rxd5 Rc7 30. Kf1 Kf7 31. Rd6 Ke7 32. Ra6 Rd7 33. Ke2 Kd8 34. h3 Kc8 35. Rc6+ Rc7 36. Rf6 Kb7 37. Rd6 Rf7 38. Ke3 Kc7 39. Ra6 Kb7 40. Rd6 Kc7 41. Ra6 1/2-1/2

[Event "EYTCC Open U18 2022"]
[Site "Thessaloniki"]
[Date "2022.07.16"]
[Round "5.5"]
[White "Budisavljevic, Luka"]
[Black "Borhy, Marcell"]
[Result "1-0"]
[ECO "B23"]
[WhiteElo "2511"]
[BlackElo "2411"]
[Annotator "ChessBase"]
[PlyCount "85"]
[EventDate "2022.07.12"]
[EventType "team-tourn"]
[EventCountry "GRE"]
[SourceTitle "playchess.com"]
[Source "ChessBase"]
[SourceQuality "1"]
[WhiteTeam "Serbia"]
[BlackTeam "Hungary"]
[WhiteTeamCountry "SRB"]
[BlackTeamCountry "HUN"]
[TimeControl "40/5400+30:1800+30"]

1. e4 c5 2. Nc3 a6 3. g3 b5 4. Bg2 Bb7 5. Nge2 g6 6. d4 cxd4 7. Nxd4 Bg7 8. O-O Nc6 9. Nxc6 dxc6 10. Qe2 b4 11. Rd1 Qa5 12. Nb1 Nf6 13. Nd2 Qb5 14. Nc4 Bc8 15. e5 Nd5 16. a4 bxa3 17. Nd6+ exd6 18. c4 Bg4 19. Qxg4 axb2 20. Bxb2 Qxb2 21. Rab1 h5 22. Qg5 Qc2 23. cxd5 O-O 24. dxc6 Bxe5 25. Bd5 Bd4 26. Qd2 Qxd2 27. Rxd2 Bc5 28. Re2 Ra7 29. Rb7 Rxb7 30. cxb7 a5 31. Re7 Ba7 32. Rc7 Kg7 33. Rc8 a4 34. Kf1 a3 35. Ke2 g5 36. f4 gxf4 37. gxf4 Bb8 38. h4 f5 39. Kd3 Rh8 40. Kc2 a2 41. Kb2 Rf8 42. Kxa2 Rh8 43. Kb3 1-0

[Event "EYTCC Open U18 2022"]
[Site "Thessaloniki"]
[Date "2022.07.16"]
[Round "5.6"]
[White "Juhasz, Agoston"]
[Black "Tadic, Stefan"]
[Result "1/2-1/2"]
[ECO "C55"]
[WhiteElo "2344"]
[BlackElo "2356"]
[Annotator "ChessBase"]
[PlyCount "100"]
[EventDate "2022.07.12"]
[EventType "team-tourn"]
[EventCountry "GRE"]
[SourceTitle "playchess.com"]
[Source "ChessBase"]
[SourceQuality "1"]
[WhiteTeam "Hungary"]
[BlackTeam "Serbia"]
[WhiteTeamCountry "HUN"]
[BlackTeamCountry "SRB"]
[TimeControl "40/5400+30:1800+30"]

1. e4 e5 2. Nf3 Nc6 3. Bc4 Nf6 4. d3 Be7 5. O-O O-O 6. Nc3 d6 7. a4 Be6 8. Nd5 Bxd5 9. exd5 Nb4 10. d4 e4 11. Nd2 Qc8 12. c3 Nbxd5 13. Nxe4 Nxe4 14. Bxd5 Nf6 15. Bf3 d5 16. Re1 Qd7 17. Bg5 Rae8 18. Qd3 c6 19. b4 h6 20. Bh4 Nh7 21. Bxe7 Rxe7 22. g3 Ng5 23. Bg2 f5 24. c4 Re4 25. cxd5 cxd5 26. f3 Rxe1+ 27. Rxe1 Qxa4 28. Qc3 Qd7 29. h4 Nh7 30. Qc5 b6 31. Qe7 Nf6 32. Qxd7 Nxd7 33. Re7 Rf7 34. Re8+ Rf8 35. Re7 Rf7 36. Re8+ Kh7 37. f4 Nf6 38. Rd8 Ne4 39. Kh2 a5 40. bxa5 bxa5 41. Ra8 Nf6 42. Rxa5 Rd7 43. Bf3 h5 44. Kg2 Kg6 45. Kf2 Kf7 46. Ke3 Ke6 47. Ra6+ Ke7 48. Ra5 Ke6 49. Ra6+ Ke7 50. Ra5 Ke6 1/2-1/2

[Event "EYTCC Open U18 2022"]
[Site "Thessaloniki"]
[Date "2022.07.16"]
[Round "5.7"]
[White "Ivanovic, Marko"]
[Black "Palczert, Matyas"]
[Result "0-1"]
[ECO "A05"]
[WhiteElo "2310"]
[BlackElo "2321"]
[Annotator "ChessBase"]
[PlyCount "68"]
[EventDate "2022.07.12"]
[EventType "team-tourn"]
[EventCountry "GRE"]
[SourceTitle "playchess.com"]
[Source "ChessBase"]
[SourceQuality "1"]
[WhiteTeam "Serbia"]
[BlackTeam "Hungary"]
[WhiteTeamCountry "SRB"]
[BlackTeamCountry "HUN"]
[TimeControl "40/5400+30:1800+30"]

1. Nf3 Nf6 2. g3 d5 3. Bg2 e6 4. O-O Be7 5. d3 O-O 6. Nbd2 Nc6 7. e4 dxe4 8. dxe4 e5 9. c3 a5 10. Qc2 Bc5 11. Nc4 Qe7 12. a4 Rd8 13. Ne3 h6 14. Nd5 Nxd5 15. exd5 Rxd5 16. Ng5 e4 17. Nxe4 Bf5 18. Kh1 Re8 19. f3 Bb6 20. g4 Bg6 21. Bf4 Ne5 22. Qb3 Red8 23. Bxe5 Rxe5 24. Rad1 Rxd1 25. Rxd1 Bxe4 26. fxe4 Rxe4 27. Qb5 Re5 28. Qd3 c6 29. Bf3 Re3 30. Qf5 g6 31. Qc8+ Kg7 32. Kg2 Rxf3 33. Kxf3 Qe3+ 34. Kg2 Qf2+ 0-1

[Event "EYTCC Open U18 2022"]
[Site "Thessaloniki"]
[Date "2022.07.16"]
[Round "5.8"]
[White "Pasztor, Balazs"]
[Black "Ljepic, Andrej"]
[Result "1/2-1/2"]
[ECO "C10"]
[WhiteElo "2336"]
[BlackElo "2234"]
[Annotator "ChessBase"]
[PlyCount "107"]
[EventDate "2022.07.12"]
[EventType "team-tourn"]
[EventCountry "GRE"]
[SourceTitle "playchess.com"]
[Source "ChessBase"]
[SourceQuality "1"]
[WhiteTeam "Hungary"]
[BlackTeam "Serbia"]
[WhiteTeamCountry "HUN"]
[BlackTeamCountry "SRB"]
[TimeControl "40/5400+30:1800+30"]

1. e4 e6 2. d4 d5 3. Nc3 dxe4 4. Nxe4 Bd7 5. Nf3 Bc6 6. Bd3 Nd7 7. c3 Ngf6 8. Nxf6+ Nxf6 9. O-O Bxf3 10. Qxf3 c6 11. a4 Qc7 12. Re1 Be7 13. a5 O-O 14. h4 Rfd8 15. g3 Nd5 16. Bd2 b5 17. axb6 axb6 18. Be4 Rxa1 19. Rxa1 c5 20. dxc5 bxc5 21. Bc2 c4 22. Rd1 g6 23. Kg2 Bc5 24. Bg5 Rb8 25. Bc1 Nb6 26. Qe4 e5 27. b4 f5 28. Qf3 Bf8 29. Be3 e4 30. Qe2 Bg7 31. Bf4 Be5 32. Bxe5 Qxe5 33. Qe3 Kg7 34. Qd4 Qxd4 35. Rxd4 Kf6 36. Bd1 Ke5 37. Be2 Rc8 38. f3 exf3+ 39. Kxf3 Ra8 40. Rd2 Ra3 41. Rc2 Nd5 42. Bxc4 Nxc3 43. Ke3 Ne4+ 44. Bd3 Nxg3 45. Rc5+ Kd6 46. Kd4 f4 47. Rd5+ Ke7 48. Re5+ Kd6 49. Rd5+ Kc7 50. Rc5+ Kb6 51. Rb5+ Kc6 52. Rc5+ Kb6 53. Rb5+ Kc6 54. Rc5+ 1/2-1/2

[Event "EYTCC Open U18 2022"]
[Site "Thessaloniki"]
[Date "2022.07.16"]
[Round "5.9"]
[White "Fromm, Marius"]
[Black "Trost, Edvin"]
[Result "1-0"]
[ECO "B30"]
[WhiteElo "2391"]
[BlackElo "2345"]
[Annotator "ChessBase"]
[PlyCount "149"]
[EventDate "2022.07.12"]
[EventType "team-tourn"]
[EventCountry "GRE"]
[SourceTitle "playchess.com"]
[Source "ChessBase"]
[SourceQuality "1"]
[WhiteTeam "Germany"]
[BlackTeam "Sweden"]
[WhiteTeamCountry "GER"]
[BlackTeamCountry "SWE"]
[TimeControl "40/5400+30:1800+30"]

1. e4 c5 2. Nf3 Nc6 3. Bb5 e6 4. Bxc6 bxc6 5. d3 Ne7 6. h4 h5 7. e5 f6 8. Nbd2 fxe5 9. Nc4 d6 10. Bg5 Ba6 11. Qe2 Qc7 12. a3 Nf5 13. b4 cxb4 14. axb4 Bxc4 15. dxc4 d5 16. Qxe5 Bxb4+ 17. Bd2 Bxd2+ 18. Kxd2 Qxe5 19. Nxe5 Nd6 20. cxd5 cxd5 21. Ra6 Ne4+ 22. Ke3 O-O 23. f3 Ng3 24. Rh3 Nf5+ 25. Kd3 d4 26. g4 hxg4 27. fxg4 Ne3 28. c4 Rac8 29. Rxa7 Rf1 30. Rf3 Rxf3 31. Nxf3 Nxc4 32. Kxd4 e5+ 33. Ke4 Rf8 34. Ng5 Re8 35. Rd7 Nb6 36. Rc7 Nc8 37. Rc6 Na7 38. Rb6 Nc8 39. Ra6 Re7 40. Ra8 Re8 41. Ra6 Re7 42. h5 Ra7 43. Re6 Re7 44. Rc6 Na7 45. Ra6 Nc8 46. Nf3 Ra7 47. Re6 Ra4+ 48. Kxe5 Kf8 49. Kf5 Ne7+ 50. Kg5 Kf7 51. Rb6 Kg8 52. Rb8+ Kh7 53. Kh4 Nf5+ 54. Kh3 Ra3 55. Kg2 Ne3+ 56. Kg3 g6 57. Rb7+ Kg8 58. h6 Nc4 59. Kf4 Ra4 60. Rg7+ Kh8 61. Nh4 g5+ 62. Kxg5 Ne5 63. Kh5 Ra5 64. g5 Ra4 65. Ng6+ Nxg6 66. Rxg6 Kh7 67. Rg7+ Kh8 68. Rb7 Ra6 69. Rb8+ Kh7 70. g6+ Rxg6 71. Rb7+ Rg7 72. Rxg7+ Kh8 73. Ra7 Kg8 74. Kg6 Kf8 75. h7 1-0

[Event "EYTCC Open U18 2022"]
[Site "Thessaloniki"]
[Date "2022.07.16"]
[Round "5.10"]
[White "Olsson, William"]
[Black "Deuer, Marius"]
[Result "1-0"]
[ECO "A34"]
[WhiteElo "2284"]
[BlackElo "2338"]
[Annotator "ChessBase"]
[PlyCount "65"]
[EventDate "2022.07.12"]
[EventType "team-tourn"]
[EventCountry "GRE"]
[SourceTitle "playchess.com"]
[Source "ChessBase"]
[SourceQuality "1"]
[WhiteTeam "Sweden"]
[BlackTeam "Germany"]
[WhiteTeamCountry "SWE"]
[BlackTeamCountry "GER"]
[TimeControl "40/5400+30:1800+30"]

1. c4 Nf6 2. g3 c5 3. Nc3 d5 4. cxd5 Nxd5 5. Bg2 Nc7 6. e3 Nc6 7. Nge2 g6 8. d4 cxd4 9. exd4 Bg7 10. d5 Ne5 11. O-O O-O 12. Qb3 Na6 13. Be3 Ng4 14. Bf4 Nc5 15. Qc4 b6 16. b4 Ba6 17. b5 Bb7 18. Rad1 Rc8 19. Qb4 Ne5 20. Qb1 Nc4 21. Nd4 e5 22. Nc6 Qd7 23. Bc1 f5 24. Qb4 Nd6 25. Be3 f4 26. Bxc5 bxc5 27. Qxc5 f3 28. Bh1 e4 29. a4 Rf5 30. Rfe1 Bxc3 31. Qxc3 Rh5 32. Bxf3 exf3 33. Re7 1-0

[Event "EYTCC Open U18 2022"]
[Site "Thessaloniki"]
[Date "2022.07.16"]
[Round "5.11"]
[White "Colbow, Collin"]
[Black "Falkevall, Axel"]
[Result "1-0"]
[ECO "B23"]
[WhiteElo "2325"]
[BlackElo "2275"]
[Annotator "ChessBase"]
[PlyCount "51"]
[EventDate "2022.07.12"]
[EventType "team-tourn"]
[EventCountry "GRE"]
[SourceTitle "playchess.com"]
[Source "ChessBase"]
[SourceQuality "1"]
[WhiteTeam "Germany"]
[BlackTeam "Sweden"]
[WhiteTeamCountry "GER"]
[BlackTeamCountry "SWE"]
[TimeControl "40/5400+30:1800+30"]

1. e4 c5 2. Nc3 d6 3. d4 cxd4 4. Qxd4 Nc6 5. Qd2 g6 6. b3 Bh6 7. f4 f5 8. Bb2 Nf6 9. e5 Nxe5 10. O-O-O Bd7 11. Nh3 Bc6 12. Kb1 Qb6 13. Qe1 Neg4 14. Bc4 O-O-O 15. Ng5 Bxg5 16. fxg5 Nd7 17. Qxe7 Rhe8 18. Qxh7 Ne3 19. Rxd6 Nxc4 20. bxc4 Qb4 21. Qxg6 Rg8 22. Rxc6+ bxc6 23. Qxc6+ Kb8 24. Nd5 Qa5 25. Bc3 Qa3 26. Bb4 1-0